 Dungeon Crawl Stone Soup version 0.29.0-4-gdea44cf6ec (webtiles) character file.

Game seed: 17290258594020336866

60 qw the Chopper (level 4, -5/28 HPs)
             Began as a Gargoyle Fighter on Sept 10, 2022.
             Slain by a gnoll
             ... wielding a +2 halberd of venom
              (9 damage)
             ... on level 4 of the Dungeon.
             The game lasted 00:00:36 (1882 turns).

qw the Chopper (Gargoyle Fighter)                   Turns: 1882, Time: 00:00:37

Health: -5/28      AC: 11    Str: 18 (21) XL:     4   Next: 6%
Magic:  4/4        EV:  9    Int:  8 (9)  God:
Gold:   102        SH:  4    Dex:  6 (9)  Spells: 3/3 levels left

rFire   . . .      SeeInvis .   Y - +0 war axe
rCold   . . .      Faith    .   c - +0 buckler
rNeg    + . .      Spirit   .   b - +0 scale mail
rPois   inf        Reflect  .   e - +0 helmet
rElec   +          Harm     .   (no cloak)
rCorr   .          Rampage  .   (no gloves)
Will    .....                   (no boots)
Stlth   ..........              (no amulet)
HPRegen 0.09/turn               (no ring)
MPRegen 0.09/turn               (no ring)

@: no status effects
A: sickness immunity, AC +3, negative energy resistance 1, electricity
resistance, torment resistance 1, petrification resistance
a: no special abilities


You were on level 4 of the Dungeon.
You visited 1 branch of the dungeon, and saw 3 of its levels.

You collected 102 gold pieces.


Innate Abilities, Weirdness & Mutations

You are immune to sickness and miasma.
Your stone body is resilient. (AC +3)
You are immune to poison.
You resist negative energy. (rN+)
You are resistant to electric shocks. (rElec)
You are resistant to unholy torment.
You are immune to petrification.


   Skills:
 - Level 3.2 Fighting
 + Level 3.8 Axes
 - Level 3.2 Armour
 - Level 3.2 Shields


You had 3 spell levels left.
You didn't know any spells.
Your spell library was empty.

Inventory:

Hand Weapons
 f - the +9 hand axe of Damp Tender Mercy {pain, rF+ Str-5 Dex+6 Stlth+}
   (You found it on level 2 of the Dungeon)

   In the hands of one skilled in necromantic magic, it inflicts extra damage on
   living creatures.
   Str:       It affects your strength (-5).
   Dex:       It affects your dexterity (+6).
   rF:        It protects you from fire.
   Stlth:     It makes you more stealthy.
 h - a +0 mace
 Y - a +0 war axe (weapon)
Armour
 a - a +0 plate armour
 b - a +0 scale mail (worn)
 c - a +0 buckler (worn)
 e - a +0 helmet (worn)
Scrolls
 g - a scroll of immolation {unknown}
 i - a scroll of teleportation
 k - a scroll of magic mapping {unknown}
 m - a scroll of blinking {unknown}
Potions
 d - a potion of might
 j - 2 potions of curing {unknown}
 l - a potion of haste {unknown}
 n - a potion of mutation {unknown}
 o - a potion of magic {unknown}

Dungeon Overview and Level Annotations

Branches:
Dungeon (4/15)
 Temple: D:4-7

Altars:

Annotations:
D:4 Eustachio


Message History

You kill the bat!
The bat's corpse disappears in a puff of smoke!
You closely miss the quokka.
The quokka bites you but does no damage.
Eustachio mumbles some strange words.
Eustachio blinks!
The quokka bites you but does no damage.
You barely miss the crimson imp. You closely miss the white imp.
You closely miss the quokka. The quokka barely misses you.
The crimson imp barely misses you.
The white imp hits you but does no damage.
The crimson imp hits you but does no damage.
The quokka bites you but does no damage.
You block the gnoll's attack.
You closely miss the crimson imp. You closely miss the white imp.
You hit the quokka but do no damage. You block the white imp's attack.
The quokka barely misses you.
The crimson imp hits you but does no damage.
Eustachio gestures wildly while chanting.
The gnoll hits you from afar with a +2 halberd of venom.
The white imp gestures at you.
The puff of frost hits you but does no damage.
You closely miss the crimson imp. You closely miss the quokka.
You closely miss the white imp.
The gnoll shouts!
The quokka bites you but does no damage.
The gnoll closely misses you.
The crimson imp hits you but does no damage.
The white imp barely misses you.
The quokka bites you but does no damage.
You closely miss the crimson imp. You hit the white imp but do no damage.
You closely miss the quokka.
The gnoll hits you from afar with a +2 halberd of venom.
The crimson imp hits you but does no damage.
The quokka barely misses you.
The white imp hits you but does no damage.
The shadow imp gestures at you. Pain shoots through your body!
The crimson imp barely misses you.
The gnoll hits you from afar with a +2 halberd of venom!
You die...

###### #....#
#....# #....#
#.5>.# #.5..#
#gr@.# #@5..#
#gg### #..#
#...........gg
#.......gr....
#.......g.....
##..#########.
.<.#


You could see Eustachio, 3 gnolls, a crimson imp (summoned), a white imp
(summoned), a shadow imp (summoned) and a quokka (summoned).

Vanquished Creatures
  An adder (D:2)
  2 worms (D:2)
  3 dart slugs
  2 ball pythons
  4 endoplasms
  A giant cockroach (D:1)
  4 goblins (D:1)
  2 hobgoblins
  4 jackals (D:1)
  A kobold (D:1)
  A quokka (D:1)
  5 bats
  5 frilled lizards
  3 rats
38 creatures vanquished.

Notes
Turn   | Place    | Note
-------+----------+-------------------------------------------
     0 | D:1      | qw the Gargoyle Fighter began the quest for the Orb.
     0 | D:1      | Reached XP level 1. HP: 14/14 MP: 1/1
     0 | D:1      | 0 ||| qw: Version: 0.1-a-116-g5d60599
     0 | D:1      | 0 ||| qw: Game counter: 7680
     0 | D:1      | 0 ||| qw: Always use a shield: true
     0 | D:1      | 0 ||| qw: God list: Okawaru
     0 | D:1      | 0 ||| qw: Allow faded altars: false
     0 | D:1      | 0 ||| qw: Do Orc after D:15 true
     0 | D:1      | 0 ||| qw: Do second Lair branch before Depths: true
     0 | D:1      | 0 ||| qw: Lair rune preference: random
     0 | D:1      | 0 ||| qw: Plans: Normal, Zot, God:TSO, Crypt, Tomb, Zig,
                  | Orb
     0 | D:1      | 0 ||| PLANNING D:1-11
    57 | D:1      | 57 ||| Stepping ~*~*~tactically~*~*~ (hiding).
   176 | D:1      | Reached XP level 2. HP: 19/19 MP: 2/2
   349 | D:1      | Reached skill level 3 in Axes
   354 | D:1      | Reached XP level 3. HP: 20/23 MP: 3/3
   412 | D:1      | 412 ||| Stepping ~*~*~tactically~*~*~ (stealth).
   472 | D:1      | 472 ||| Stepping ~*~*~tactically~*~*~ (stealth).
   479 | D:1      | 479 ||| Stepping ~*~*~tactically~*~*~ (stealth).
   480 | D:1      | 480 ||| Stepping ~*~*~tactically~*~*~ (stealth).
   982 | D:1      | 982 ||| UPGRADING to +0 helmet.
   987 | D:1      | 987 ||| READING scroll labelled UBRODDE ITEDU.
   988 | D:1      | 988 ||| READING scroll labelled IWITU FUFRENT.
   989 | D:1      | 989 ||| READING 2 scrolls labelled POWKUE OSITONO.
   993 | D:1      | 993 ||| DRINKING 2 emerald potions.
   994 | D:1      | 994 ||| DROPPING potion of degeneration.
  1231 | D:2      | 1231 ||| DROPPING +0 club.
  1251 | D:2      | 1251 ||| Stepping ~*~*~tactically~*~*~ (stealth).
  1482 | D:2      | Identified the +9 hand axe of Damp Tender Mercy {pain, rF+
                  | Str-5 Dex+6 Stlth+}
  1568 | D:2      | 1568 ||| Stepping ~*~*~tactically~*~*~ (hiding).
  1576 | D:2      | Reached XP level 4. HP: 28/28 MP: 4/4
  1862 | D:2      | You fall into a shaft and drop 2 floors!
  1863 | D:4      | Noticed Eustachio
  1868 | D:4      | 1868 ||| Stepping ~*~*~tactically~*~*~ (stealth).
  1874 | D:4      | 1874 ||| Stepping ~*~*~tactically~*~*~ (stealth).
  1875 | D:4      | 1875 ||| Stepping ~*~*~tactically~*~*~ (hiding).
  1882 | D:4      | HP: 7/28 [gnoll/+2 halberd of venom (2)]
  1882 | D:4      | Slain by a gnoll

Levels and vault maps discovered:
D:1:      mrwooster_arrival_statue_3, layout_basic
D:2:      layout_basic
D:4:      layout_gridville, nemelex_xobeh_ov_fountains_minmay, uniq_eustachio

Skill      XL: |  1  2 |
---------------+-------+-----
Axes           | 2 3 |  3.8
Fighting       | |  3.2
Armour         | |  3.2
Shields        | |  3.2

Action                   |  1- 3 |  4- 6 || total
-------------------------+-------+-------++-------
Melee: War axe           |    98 |    16 ||   114
  Use: Scroll            |     3 |       ||     3
       Potion            |     1 |       ||     1
Armor: Scale mail        |    51 |    17 ||    68
Dodge: Dodged            |    41 |    15 ||    56
Block: Buckler           |    14 |     9 ||    23

Table legend:
 A = Non-vault XP
 B = Vault XP
 C = Vault XP percentage of total XP
 D = Non-vault monster count
 E = Vault monster count
 F = Vault count percentage of total count
                 A         B        C        D         E       F
            +---------+---------+-------+---------+---------+-------
      Total |      87 |       0 |   0.0 |      38 |       0 |   0.0
            +---------+---------+-------+---------+---------+-------
        D:1 |      50 |       0 |   0.0 |      26 |       0 |   0.0
        D:2 |      37 |       0 |   0.0 |      12 |       0 |   0.0
            +---------+---------+-------+---------+---------+-------
